 Dungeon Crawl Stone Soup version 0.20.1-1-g8b1a95d (webtiles) character file.

193 zezblit the Chopper (level 5, -3/41 HPs)
             Began as a Demonspawn Gladiator on Oct 25, 2017.
             Slain by Grinder (6 damage)
             ... while paralysed by Grinder
             ... on level 5 of the Dungeon.
             The game lasted 00:19:59 (3026 turns).

zezblit the Chopper (Demonspawn Gladiator)          Turns: 3026, Time: 00:20:00

Health: -3/41      AC:  5    Str: 16    XL:     5   Next: 43%
Magic:  5/5        EV:  2    Int:  7    God:
Gold:   185        SH:  0    Dex: 18    Spells: 4/4 levels left

rFire    . . .     SeeInvis .   a - +1 war axe
rCold    . . .     Gourm    .   (no shield)
rNeg     . . .     Faith    .   l - +0 ring mail
rPois    .         Spirit   .   (helmet restricted)
rElec    .         Reflect  +   (no cloak)
rCorr    .         Harm     .   (no gloves)
MR       .....                  (no boots)
Stlth    +.........             e - +4 amulet of reflection
Regen    0.2/turn               n - +4 ring of dexterity
MPRegen  0.1/turn               o - ring of wizardry

@: paralysed
A: horns 1, demonic guardian 1, dopey 1, powered by pain 1
a: no special abilities


You were on level 5 of the Dungeon.
You were not hungry.

You visited 1 branch of the dungeon, and saw 5 of its levels.

You collected 185 gold pieces.

Inventory:

Hand Weapons
 a - a +1 war axe (weapon)
 i - a +0 hunting sling
Missiles
 d - 3 throwing nets (quivered)
 r - 39 sling bullets
Armour
 b - a +0 leather armour
 c - a +0 helmet
 h - a +2 leather armour of positive energy
 l - a +0 ring mail (worn)
Jewellery
 e - a +4 amulet of reflection (around neck)
 n - a +4 ring of dexterity (left hand)
 o - a ring of wizardry (right hand)
Scrolls
 g - a scroll of amnesia
 k - 2 scrolls of remove curse
 w - a scroll of identify
Potions
 j - a potion of flight {unknown}
 p - 2 potions of curing
 u - a potion of heal wounds {unknown}
Comestibles
 f - 2 bread rations
 m - 2 royal jellies
 s - a meat ration
 t - 7 chunks of flesh


   Skills:
 * Level 3.0 Fighting
 + Level 4.0 Axes
 + Level 2.7 Throwing
 + Level 0.6 Armour
 + Level 3.4 Dodging


You had 4 spell levels left.
You didn't know any spells.

Dungeon Overview and Level Annotations

Branches:
Dungeon (5/15)
 Temple: D:4-7

Altars:

Annotations:
D:5 Grinder


Innate Abilities, Weirdness & Mutations

A weak demonic guardian rushes to your aid.
You sometimes gain a little power by taking damage.
You have a pair of small horns on your head.
You are dopey. (Int -2)


Message History

Grinder hits you but does no damage.
You hit Grinder.
Grinder is heavily wounded.
Grinder gestures at you. Pain shoots through your body!
You closely miss Grinder. You headbutt Grinder.
Grinder is heavily wounded.
Grinder closely misses you. Grinder gestures at you.
You suddenly lose the ability to move!
Grinder hits you!
You writhe in agony.
Grinder hits you.
You writhe in agony.
* * * LOW HITPOINT WARNING * * *
Grinder gestures at you.
You shrug off the repeated paralysis!
Grinder hits you but does no damage. x2
Grinder hits you!
* * * LOW HITPOINT WARNING * * *
You writhe in agony.
You die...

## <# .#
.#
#.####5##
#....55.#
#####@###
#5# #.#
#.# ..#
.!. ..#
...#


You could see Grinder, a friendly iron imp, a friendly shadow imp and a friendly
ufetubus.

Vanquished Creatures
  An orc priest (D:3)
  A gnoll shaman (D:4)
  An adder (D:2)
  A gnoll (D:4)
  An ooze (D:2)
  A dart slug (D:1)
  A leopard gecko (D:2)
  4 orcs (D:3)
  A ball python (D:1)
  8 bats
  3 giant cockroaches
  4 goblins
  4 hobgoblins
  4 jackals (D:3)
  10 kobolds
  2 quokkas (D:2)
  5 frilled lizards
  6 rats
58 creatures vanquished.

Vanquished Creatures (collateral kills)
  An ogre (D:3)
  4 gnolls (D:4)
5 creatures vanquished.

Grand Total: 63 creatures vanquished

Notes
Turn   | Place    | Note
-------+----------+-------------------------------------------
     0 | D:1      | zezblit the Demonspawn Gladiator began the quest for the Orb.
     0 | D:1      | Reached XP level 1. HP: 16/16 MP: 1/1
   221 | D:1      | Gained mutation: A weak demonic guardian rushes to your aid. [demonic ancestry]
   221 | D:1      | Reached XP level 2. HP: 18/22 MP: 2/2
   260 | D:1      | Reached skill level 3 in Axes
   961 | D:2      | Gained mutation: You are dopey. (Int -2) [potion of mutation]
   961 | D:2      | Gained mutation: You have a pair of small horns on your head. [potion of mutation]
  1237 | D:2      | Reached XP level 3. HP: 20/27 MP: 3/3
  1881 | D:3      | Noticed an ogre
  1896 | D:3      | Killed an ogre
  1896 | D:3      | Gained mutation: You sometimes gain a little power by taking damage. [demonic ancestry]
  1896 | D:3      | Reached XP level 4. HP: 34/34 MP: 4/4
  1981 | D:4      | Reached XP level 5. HP: 9/39 MP: 5/5
  2794 | D:3      | Reached skill level 4 in Axes
  3015 | D:5      | Entered Level 5 of the Dungeon
  3015 | D:5      | Noticed Grinder
  3020 | D:5      | Paralysed by Grinder for 7 turns
  3026 | D:5      | Slain by Grinder

Skill      XL: |  1  2  3  4  5 |
---------------+----------------+-----
Throwing       | 2 |  2.7
Axes           | 3 4 |  4.0
Dodging        | 3 |  3.4
Fighting       | 3 |  3.0
Armour         | |  0.6

Action                   |  1- 3 |  4- 6 || total
-------------------------+-------+-------++-------
Melee: War axe           |   102 |    42 ||   144
       Headbutt          |     5 |     5 ||    10
  Use: Scroll            |     5 |     2 ||     7
       Potion            |     1 |       ||     1
  Eat: Chunk             |     3 |     4 ||     7
Armor: Leather armour    |    18 |       ||    18
       Ring mail         |    21 |    16 ||    37
Dodge: Dodged            |    80 |    34 ||   114
Block: Other             |    23 |     8 ||    31
       Reflection        |     1 |       ||     1
